 Dungeon Crawl Stone Soup version 0.29-a0-337-g68df138881 (webtiles) character file.

Game seed: 359189080374791091

6 zeratav the Conjurer (level 1, 0/11 HPs)
             Began as an Octopode Conjurer on Apr 16, 2022.
             Frozen to death by an endoplasm (1 damage)
             ... on level 1 of the Dungeon.
             The game lasted 00:00:17 (320 turns).

zeratav the Conjurer (Octopode Conjurer)             Turns: 320, Time: 00:00:17

Health: 0/11       AC:  1    Str:  6    XL:     1   Next: 90%
Magic:  1/3        EV: 13    Int: 20    God:
Gold:   9          SH:  0    Dex: 10    Spells: 3/4 levels left

rFire   . . .      SeeInvis .   c - +0 short sword {short}
rCold   . . .      Faith    .   (no shield)
rNeg    . . .      Spirit   .   (helmet restricted)
rPois   .          Reflect  .   (no amulet)
rElec   .          Harm     .   (no ring)
rCorr   .          Rampage  .   (no ring)
Will    .....                   (no ring)
Stlth   +++.......              (no ring)
HPRegen 0.03/turn               (no ring)
MPRegen 0.08/turn               (no ring)
                                (no ring)
                                (no ring)

@: no status effects
A: almost no armour, amphibious, 8 rings, camouflage 1, gelatinous body 1,
(nimble swimmer 1), tentacles
a: no special abilities


You were on level 1 of the Dungeon.
You visited 1 branch of the dungeon, and saw 1 of its levels.

You collected 9 gold pieces.


Innate Abilities, Weirdness & Mutations

You cannot wear most types of armour.
You are amphibious.
You can wear up to eight rings at the same time.
Your skin changes colour to match your surroundings (Stealth+).
Your rubbery body absorbs attacks. (AC +1, EV +1)
((You are camouflaged when in or above water. (Stealth+)))
You have tentacles for arms and can constrict up to eight enemies at once.


   Skills:
 - Level 2.0 Dodging
 - Level 2.6 Stealth
 - Level 2.0 Spellcasting
 + Level 4.3 Conjurations


You had 3 spell levels left.
You knew the following spells:

 Your Spells              Type           Power      Damage    Failure   Level
a - Magic Dart            Conj           76%        1d6       2%          1

Your spell library contained the following spells:

 Spells                   Type           Power      Damage    Failure   Level
 Searing Ray              Conj           38%        2d5       4%          2
 Dazzling Flash           Conj/Hex       20%        N/A       19%         3
 Fulminant Prism          Conj/Hex       5%         3d7       54%         4
 Iskenderun's Mystic Bla  Conj/Tloc      10%        2d4       54%         4

Inventory:

Hand Weapons
 c - a +0 short sword (weapon) {short}
   (You took it off a kobold on level 1 of the Dungeon)
Scrolls
 b - a scroll of identify {unknown}
Potions
 a - a potion of magic

Dungeon Overview and Level Annotations

Branches:
Dungeon (1/15)

Altars:

#.#......#####
#.#..........####
#.#.......##.....
#.........#######
#####...#.#.#.### ###
.....>..........# #..
##########.#.#.#...###.#
......$.##.#.#.#.#.#...#
.......@##.#.#.#.#.#.###
.......J.......###.#..#
........##.##### .#.##
........##... .#.#
.....)..##.##[# .#.###
........#### # #...#
######.## #.#.# #. #.#..
#. #.###


You could see an endoplasm.


Message History

b - a scroll labelled BATOID AXKOJ You see here 25 stones {throwing}.
You open the door.
There is an open door here.
You see here a +0 robe.
There is an open door here.
Found a stone staircase leading down.
A frilled lizard comes into view.
The magic dart hits the frilled lizard.
The frilled lizard hisses angrily.
You hear a shout!
MP[-1]
You lost 1 mp, and now have 2/3 mp.
The magic dart hits the frilled lizard.
You kill the frilled lizard!
A kobold comes into view. It is wielding a +0 short sword.
MP[-1]
You lost 1 mp, and now have 1/3 mp.
The magic dart hits the kobold.
You kill the kobold!
MP[-1]
You lost 1 mp, and now have 0/3 mp.
You are too depleted to draw on your mana recklessly!
c - a +0 short sword {short}
Things that are here:
4 stones {throwing}; a kobold corpse MP[+3]
Your mp is fully restored (3).
You now have 9 gold pieces.
You open the door.
There is an open door here.
You see here a +0 buckler.
An endoplasm comes into view.
An endoplasm is nearby!
c - a +0 short sword (weapon)
{short} An endoplasm is nearby!
The magic dart hits the endoplasm.
The endoplasm quivers.
MP[-1]
You lost 1 mp, and now have 2/3 mp.
The magic dart hits the endoplasm.
You kill the endoplasm!
MP[-1]
You lost 1 mp, and now have 1/3 mp.
You can't see any susceptible monsters within range! (Use Z to cast anyway.)
You can't see any susceptible monsters within range! (Use Z to cast anyway.)
Found an escape hatch in the floor.
MP[+2]
Your mp is fully restored (3).
There is an escape hatch in the floor here.
Found a stone staircase leading down.
A kobold comes into view. It is wielding a +0 whip.
The magic dart hits the kobold.
You kill the kobold!
A quokka comes into view.
MP[-1]
You lost 1 mp, and now have 2/3 mp.
The magic dart hits the quokka.
MP[-1]
You lost 1 mp, and now have 1/3 mp.
You can't see any susceptible monsters within range! (Use Z to cast anyway.)
You can't see any susceptible monsters within range! (Use Z to cast anyway.)
A quokka is nearby!
The magic dart hits the quokka.
MP[-1]
You lost 1 mp, and now have 0/3 mp.
You are too depleted to draw on your mana recklessly!
You are too depleted to draw on your mana recklessly!
You are too depleted to draw on your mana recklessly!
A goblin comes into view. It is wielding a +0 club.
The quokka barely misses you.
You miss the quokka. Your grab misses the quokka.
The quokka closely misses you. The quokka bites you.
HP[-4]
You take 4 damage, and now have 7/11 hp.
MASSIVE DAMAGE!! (PAUSE)
You are too injured to fight recklessly!
You are too injured to fight recklessly!
You are too injured to fight recklessly!
You are too injured to fight recklessly!
You hit the quokka.
You kill the quokka!
The goblin shouts!
An endoplasm comes into view.
The goblin hits you with a +0 club.
* * * LOW HITPOINT WARNING * * *
HP[-4]
You take 4 damage, and now have 3/11 hp.
MASSIVE DAMAGE!! (PAUSE)
The endoplasm quivers.
You hit the goblin. You grab the goblin. You constrict the goblin.
The goblin barely misses you.
You hit the goblin.
You kill the goblin!
Things that are here:
a +0 club {mace}; a goblin corpse; MP[+1]
You hit the endoplasm. The endoplasm hits you.
* * * LOW HITPOINT WARNING * * *
The endoplasm freezes you.
You are frozen.
You die...

Action                   || total
-------------------------++-------
Melee: Short sword       ||     5
       Constrict         ||     1
 Cast: Magic Dart        ||     8
Dodge: Dodged            ||     3

Levels and vault maps discovered:
D:1:      elethiomel_arrival_maze, layout_basic,
          hellmonk_ecumenical_altar_lost_god

Notes
Turn   | Place    | Note
-------+----------+-------------------------------------------
     0 | D:1      | zeratav the Octopode Conjurer began the quest for the Orb.
     0 | D:1      | Reached XP level 1. HP: 11/11 MP: 3/3
     0 | D:1      | magus.rc [v1.9.6]
   320 | D:1      | HP: 1/11 [endoplasm (2)]
   320 | D:1      | Frozen to death by an endoplasm

Vanquished Creatures
  An endoplasm (D:1)
  2 kobolds (D:1)
  A quokka (D:1)
  A frilled lizard (D:1)
  A goblin (D:1)
6 creatures vanquished.

Table legend:
 A = Non-vault XP
 B = Vault XP
 C = Vault XP percentage of total XP
 D = Non-vault monster count
 E = Vault monster count
 F = Vault count percentage of total count
                 A         B        C        D         E       F
            +---------+---------+-------+---------+---------+-------
      Total |       9 |       0 |   0.0 |       6 |       0 |   0.0
            +---------+---------+-------+---------+---------+-------
        D:1 |       9 |       0 |   0.0 |       6 |       0 |   0.0
            +---------+---------+-------+---------+---------+-------

Illustrated notes

Table legend:
 A = Kills in this place as a percentage of kills in entire the game.
 B = Kills by you in this place as a percentage of kills by you in the entire game.
 C = Kills by friends in this place as a percentage of kills by friends in the entire game.
 D = Other kills in this place as a percentage of other kills in the entire game.
 E = Experience gained in this place as a percentage of experience gained in the entire game.
 F = Experience gained in this place divided by the number of levels of this place that you have seen.
                   A       B       C       D       E      F
               +-------+-------+-------+-------+-------+----------------------
         Total | 100.0 | 100.0 |   N/A |   N/A | 100.0 |   9.0
       Dungeon | 100.0 | 100.0 |   N/A |   N/A | 100.0 |   9.0
               +-------+-------+-------+-------+-------+----------------------

Table legend: (Time is in decaauts)
 A = Elapsed time spent in this place.
 B = Non-inter-level travel time spent in this place.
 C = Inter-level travel time spent in this place.
 D = Time resting spent in this place.
 E = Time spent auto-exploring this place.
 F = Levels seen in this place.
 G = Mean time per level.
                   A        B        C        D        E       F      G
               +--------+--------+--------+--------+--------+-----+--------+
         Total |    319 |    319 |      0 |      0 |    294 |   1 |  319.0 |
       Dungeon |    319 |    319 |      0 |      0 |    294 |   1 |  319.0 |
               +--------+--------+--------+--------+--------+-----+--------+

Top non-repeatable levels by time:
     D:1: 319 daAuts
